 Dungeon Crawl Stone Soup version 0.31.0-11-ge490571c62 (webtiles) character file.

Game seed: 8117821005206243895

244 qw the Skirmisher (level 5, -2/30 HPs)
             Began as a Deep Elf Hunter on Feb 3, 2024.
             Slain by an orc
             ... wielding a +0 hand axe
              (6 damage)
             ... on level 4 of the Dungeon.
             The game lasted 00:00:11 (2353 turns).

qw the Skirmisher (Deep Elf Hunter)                 Turns: 2353, Time: 00:00:11

Health: -2/30      AC:  9    Str: 10    XL:     5   Next: 83%
Magic:  7/7        EV: 11    Int: 14    God:
Gold:   90         SH:  0    Dex: 18    Spells: 4/4 levels left

rFire   . . .        a - +2 shortbow
rCold   . . .        (shield currently unavailable)
rNeg    + . .        h - +1 ring mail
rPois   .            (no helmet)
rElec   .            e - +2 cloak
rCorr   .            (no gloves)
SInv    .            (no boots)
Will    .....        (no amulet)
Stlth   +            n - ring of positive energy
HPRegen 0.25/turn    (no ring)
MPRegen 0.10/turn

%: no passive effects
@: about to teleport
A: no striking features
a: no special abilities


You were on level 4 of the Dungeon.
You visited 1 branch of the dungeon, and saw 4 of its levels.

You collected 240 gold pieces.
You spent 150 gold pieces at shops.


   Skills:
 - Level 2.1 Fighting
 + Level 9.1 Ranged Weapons
 - Level 2.4 Dodging
 - Level 1.2 Stealth


You had 4 spell levels left.
You didn't know any spells.
Your spell library was empty.

Inventory:

Hand Weapons
 a - a +2 shortbow (weapon)
Armour
 e - a +2 cloak (worn)
 h - a +1 ring mail (worn)
Jewellery
 b - a ring of ice
 n - a ring of positive energy (left hand)
Wands
 f - a wand of roots (8)
Scrolls
 c - a scroll of identify
Potions
 d - a potion of enlightenment
 g - a potion of curing
 i - a potion of haste
 j - a potion of berserk rage {unknown}
 m - 2 potions of attraction {unknown}

Dungeon Overview and Level Annotations

Branches:
Dungeon (4/15)
 Temple: D:4-7

Altars:
Xom

Shops:
D:3 ?[


Message History

The orc hits you but does no damage. The orc hits you with a +0 short sword.
You shoot an arrow.
The arrow hits the orc priest but does no damage.
The orc hits you but does no damage. x2
The orc priest hits you with a +2 mace of protection.
You shoot an arrow.
The arrow hits the orc priest but does no damage.
The orc hits you with a +0 hand axe. The orc hits you with a +0 short sword.
The orc hits you but does no damage. The orc priest barely misses you.
You shoot an arrow. The arrow hits the orc priest!
The orc priest is severely wounded.
The orc hits you with a +0 hand axe. The orc hits you but does no damage.
The orc closely misses you.
The orc priest hits you with a +2 mace of protection.
You shoot an arrow.
The arrow closely misses the orc priest.
The orc barely misses you. The orc hits you with a +0 short sword.
The orc hits you but does no damage.
The orc priest hits you with a +2 mace of protection.
You shoot an arrow. The arrow barely misses the orc priest.
The orc misses you. The orc hits you but does no damage.
The orc hits you with a +0 club. The orc priest barely misses you.
You shoot an arrow.
The arrow hits the orc priest but does no damage.
The orc priest is severely wounded.
The orc hits you with a +0 hand axe. The orc hits you but does no damage.
The orc barely misses you. The orc priest barely misses you.
The orc hits you with a +0 club. The orc hits you but does no damage.
The orc priest hits you but does no damage.
The orc hits you but does no damage.
2352 ||| READING scroll of teleportation.
As you read the scroll of teleportation, it crumbles to dust.
You feel strangely unstable. The orc barely misses you.
The orc hits you but does no damage. The orc barely misses you.
The orc priest hits you with a +2 mace of protection.
You shoot an arrow. The arrow hits the orc priest!
You kill the orc priest!
The orc hits you with a +0 hand axe.
You die...

.#######.....
.##...##..........
..#...............
..+...............
............)....#
.#............)..####+#
......##..............##
.#....##.......ooo.....#
...............)@......#
.......................#
...........##...###...##
...........##...########
.#######...............#
.##...##...............#
..)...#................#
......'.........########
..<...#.........##....##


You could see 3 orcs.

Vanquished Creatures
  A phantom (D:3)
  A howler monkey (D:4)
  An orc priest (D:4)
  An orc wizard (D:4)
  3 adders
  2 ribbon worms (D:2)
  3 orcs (D:4)
  10 bats
  5 endoplasms
  5 giant cockroaches
  10 hobgoblins
  3 kobolds
  2 quokkas
  3 ball pythons
  3 frilled lizards (D:1)
  3 goblins
  6 rats
62 creatures vanquished.

Vanquished Creatures (others)
  A gnoll (D:3)
  A dart slug (D:3)
  An endoplasm (D:3)
  A goblin (D:3)
4 creatures vanquished.

Grand Total: 66 creatures vanquished

Notes
Turn   | Place    | Note
-------+----------+-------------------------------------------
     0 | D:1      | qw the Deep Elf Hunter began the quest for the Orb.
     0 | D:1      | Reached XP level 1. HP: 12/12 MP: 3/3
     0 | D:1      | 0 ||| qw: Version: 0.3-a-157-g843a77d
     0 | D:1      | 0 ||| qw: Game counter: 3833
     0 | D:1      | 0 ||| qw: Melee chars always use a shield: true
     0 | D:1      | 0 ||| qw: God list: Okawaru
     0 | D:1      | 0 ||| qw: Allow faded altars: false
     0 | D:1      | 0 ||| qw: Do Orc after clearing Dungeon:15 true
     0 | D:1      | 0 ||| qw: Do second Lair branch before Depths: true
     0 | D:1      | 0 ||| qw: Lair rune preference: random
     0 | D:1      | 0 ||| qw: Goals: Normal
     0 | D:1      | 0 ||| PLANNING D:1-11
    69 | D:1      | Found a faded altar of an unknown god.
   216 | D:1      | Reached skill level 6 in Ranged Weapons
   216 | D:1      | Reached XP level 2. HP: 16/16 MP: 4/4
   692 | D:1      | Reached XP level 3. HP: 16/20 MP: 5/5
   854 | D:1      | 854 ||| UPGRADING to +2 cloak.
   859 | D:1      | 859 ||| UPGRADING to +0 ring mail.
   869 | D:1      | 869 ||| DROPPING +0 leather armour.
   870 | D:1      | 870 ||| READING scroll labelled HYZUFE ZURA.
   871 | D:1      | 871 ||| READING scroll labelled DAFOPS NAKEFU.
   972 | D:1      | 972 ||| DRINKING 2 black potions.
   973 | D:1      | 973 ||| DROPPING scroll of butterflies.
  1044 | D:2      | Reached skill level 7 in Ranged Weapons
  1481 | D:2      | 1481 ||| READING scroll labelled POVVAU IFFEOSTRIRR.
  1486 | D:2      | 1486 ||| READING scroll labelled GUMOIS AFOUNTE.
  1488 | D:2      | 1488 ||| Stepping ~*~*~tactically~*~*~ (cloud).
  1491 | D:2      | HP: 5/20 [poisoned by you (poison gas)]
  1495 | D:2      | HP: 2/20 [poisoned by you (poison gas)]
  1754 | D:3      | Reached XP level 4. HP: 25/25 MP: 6/6
  1754 | D:3      | Found a shimmering altar of Xom.
  1864 | D:3      | Found Eheem's Armour Boutique.
  1869 | D:3      | Noticed a phantom
  1880 | D:3      | Killed a phantom
  1881 | D:3      | Reached skill level 8 in Ranged Weapons
  1881 | D:3      | Reached XP level 5. HP: 21/29 MP: 7/7
  1881 | D:3      | 1881 ||| FLEEEEING.
  1882 | D:3      | 1882 ||| FLEEEEING.
  1920 | D:3      | 1920 ||| SHOPLISTING +1 scale mail of fire resistance (176
                  | gold, have 152).
  2011 | D:3      | Found Athralut's Magic Scroll Shop.
  2025 | D:3      | 2025 ||| BUYING scroll of enchant weapon (90 gold).
  2025 | D:3      | Bought a scroll of enchant weapon for 90 gold pieces
  2025 | D:3      | 2025 ||| BUYING scroll of identify (24 gold).
  2025 | D:3      | Bought a scroll of identify for 24 gold pieces
  2025 | D:3      | 2025 ||| BUYING scroll of teleportation (36 gold).
  2025 | D:3      | Bought a scroll of teleportation for 36 gold pieces
  2025 | D:3      | 2025 ||| SHOPLISTING scroll of teleportation (36 gold, have
                  | 19).
  2025 | D:3      | 2025 ||| READING 2 scrolls of enchant weapon.
  2025 | D:3      | 2025 ||| ENCHANTING +0 shortbow.
  2026 | D:3      | 2026 ||| READING scroll of enchant weapon.
  2026 | D:3      | 2026 ||| ENCHANTING +1 shortbow.
  2188 | D:3      | 2188 ||| UPGRADING to ring of positive energy.
  2189 | D:3      | 2189 ||| READING 2 scrolls of identify.
  2189 | D:3      | 2189 ||| IDENTIFYING bubbling white potion
  2190 | D:3      | 2190 ||| READING scroll of identify.
  2190 | D:3      | 2190 ||| IDENTIFYING orange potion
  2191 | D:3      | 2191 ||| READING 3 scrolls labelled UTIH DIAXO.
  2192 | D:3      | 2192 ||| READING scroll labelled XAMIGH TAORPHIU.
  2192 | D:3      | 2192 ||| ENCHANTING +0 ring mail.
  2193 | D:3      | 2193 ||| READING scroll labelled JIUTOQ IC FAKHLUWKA.
  2194 | D:3      | 2194 ||| DRINKING 2 ruby potions.
  2195 | D:3      | 2195 ||| DROPPING potion of invisibility.
  2196 | D:3      | 2196 ||| DROPPING 2 scrolls of noise.
  2244 | D:4      | Reached skill level 9 in Ranged Weapons
  2351 | D:4      | HP: 6/30 [orc/+0 club (4)]
  2352 | D:4      | 2352 ||| READING scroll of teleportation.
  2353 | D:4      | Slain by an orc

Levels and vault maps discovered:
D:1:      tekkud_arrival_beachfront_property, layout_loops_corners,
          hellmonk_ecumenical_altar_defaced_shrine
D:2:      layout_basic, minmay_tromino_v4_b
D:3:      minmay_spotlight, layout_basic, xom_confusion_cloud, serial_shops,
          shop_fountains, shop
D:4:      layout_gridville, serial_glass, glass_columns_b, glass_columns_a

Skill      XL: |  1  2  3  4  5 |
---------------+----------------+-----
Ranged Weapons | 6 7 8 9 |  9.1
Fighting       | 2 |  2.1
Dodging        | |  2.4
Stealth        | |  1.2

Action                     |  1- 3 |  4- 6 || total
---------------------------+-------+-------++-------
   Fire: Shortbow          |   154 |    73 ||   227
    Use: Scroll            |     4 |     8 ||    12
         Potion            |     1 |     1 ||     2
 Armour: Leather armour    |    19 |       ||    19
         Ring mail         |    23 |    43 ||    66
  Dodge: Dodged            |    47 |    19 ||    66

Table legend:
 A = Non-vault XP
 B = Vault XP
 C = Vault XP percentage of total XP
 D = Non-vault monster count
 E = Vault monster count
 F = Vault count percentage of total count
                 A         B        C        D         E       F
            +---------+---------+-------+---------+---------+-------
      Total |     351 |      38 |   9.8 |      53 |      12 |  18.5
            +---------+---------+-------+---------+---------+-------
        D:1 |      42 |       3 |   6.7 |      26 |       2 |   7.1
        D:2 |      33 |       0 |   0.0 |      10 |       0 |   0.0
        D:3 |     136 |      35 |  20.5 |      10 |      10 |  50.0
        D:4 |     140 |       0 |   0.0 |       7 |       0 |   0.0
            +---------+---------+-------+---------+---------+-------
